 Dungeon Crawl Stone Soup version 0.23-a0-321-g6bcb69f (webtiles) character file.

909 iamserjio the Digger (level 7, -2/38 HPs)
             Began as a Deep Elf Earth Elementalist on Oct 15, 2018.
             Shot with an arrow by a centaur (12 damage)
             ... on level 5 of the Dungeon.
             The game lasted 00:10:18 (5503 turns).

iamserjio the Digger (Deep Elf Earth Elementalist)  Turns: 5503, Time: 00:10:19

Health: -2/38      AC:  2    Str:  5    XL:     7   Next: 81%
Magic:  5/18       EV: 15    Int: 22    God:
Gold:   180        SH:  0    Dex: 15    Spells: 9/18 levels left

rFire    . . .     SeeInvis .   l - +2 short sword (elec)
rCold    . . .     Gourm    .   (no shield)
rNeg     . . .     Faith    .   c - +0 robe
rPois    .         Spirit   .   (no helmet)
rElec    .         Reflect  .   (no cloak)
rCorr    .         Harm     .   (no gloves)
MR       .....                  (no boots)
Stlth    ++........             (no amulet)
HPRegen  0.12/turn              (no ring)
MPRegen  0.16/turn              (no ring)

@: no status effects
A: no striking features
a: no special abilities


You were on level 5 of the Dungeon.
You were not hungry.

You visited 1 branch of the dungeon, and saw 5 of its levels.

You collected 180 gold pieces.

Inventory:

Hand Weapons
 g - a +2 dagger of venom
 l - a +2 short sword of electrocution (weapon)
Missiles
 b - 20 stones (quivered)
 k - 69 arrows
Armour
 c - a +0 robe (worn)
Scrolls
 f - 2 scrolls of blinking
 j - 3 scrolls of teleportation {unknown}
 m - a scroll of enchant armour
 n - a scroll of fog
 o - a scroll of magic mapping {unknown}
 q - a scroll of remove curse {unknown}
 r - 2 scrolls of amnesia
Potions
 a - 3 potions of haste
 e - a potion of mutation
 i - 4 potions of curing {@q1}
 s - a potion of lignification
Comestibles
 d - 6 rations
 h - 5 chunks of flesh


   Skills:
 + Level 1.4 Fighting
 + Level 5.3 Dodging
 - Level 2.4 Stealth
 + Level 6.0 Spellcasting
 - Level 3.0 Conjurations
   Level 1.1 Transmutations
 * Level 7.1 Earth Magic


You had 9 spell levels left.
You knew the following spells:

 Your Spells              Type           Power        Failure   Level  Hunger
a - Sandblast             Erth           #####.       1%          1    None
b - Stone Arrow           Conj/Erth      ####..       3%          3    #......
c - Lee's Rapid Deconstr  Erth           #####.....   13%         5    #####..

Your spell library contained the following spells:

 Spells                   Type           Power        Failure   Level  Hunger
 Passwall                 Tmut/Erth      ###.....     2%          2    None
 Petrify                  Tmut/Erth      ###.....     17%         4    ###....


Dungeon Overview and Level Annotations

Branches:
Dungeon (5/15)
 Temple: D:4-7

Altars:
Dithmenos
Gozag
Okawaru
Ru
Trog
The Shining One

Annotations:
D:3 2 transporters


Message History

The blast of sand hits the orc.
b - 22 stones The centaur shoots an arrow.
The arrow hits you!
* * * LOW HITPOINT WARNING * * *
Casting: Sandblast (safe; 1% risk of failure)
Aiming: Sandblast (safe; 1% risk of failure)
Aim: an orc, wielding a +0 dagger and wearing a +0 leather armour (lightly The blast of sand hits the centaur.
b - 21 stones The centaur unwields a +0 shortbow.
The centaur closely misses you.
Casting: Sandblast (safe; 1% risk of failure)
Aiming: Sandblast (safe; 1% risk of failure)
Aim: an orc, wielding a +0 dagger and wearing a +0 leather armour (lightly The blast of sand hits the centaur.
You kill the centaur!
Your Spellcasting skill increases to level 6!
b - 20 stones The centaur wields a +0 shortbow.
The centaur shoots an arrow.
The arrow hits you!
You die...

... #.# #.# #.#
#.#
###########.#
#.#
#...........#
..#
#.########..# #
..# #.#
#####..##c###.#
..# #.#
#..(....@)o.....
..# #.#
#.#.....##.###.#
..###.###
#.#..## #
........# ###.##
.####.### #⌠. .#
#.# ##. )# #.#
.. .# #.#
.####.#


You could see a centaur and an orc.

Vanquished Creatures
  An ogre (D:5)
  A centaur (D:5)
  A scorpion (D:5)
  A crimson imp (D:5)
  An orc priest (D:4)
  A bullfrog skeleton (D:4)
  8 orc wizards
  3 worker ants
  Natasha (thrice) (D:3)
  A hound skeleton (D:5)
  A howler monkey skeleton (D:4)
  8 adders
  An adder skeleton (D:4)
  A worm (D:3)
  3 dart slugs
  2 leopard geckos (D:3)
  21 orcs
  9 giant cockroaches
  10 goblins
  5 hobgoblins
  3 jackals
  9 kobolds
  4 quokkas
  4 ball pythons (D:3)
  15 bats
  10 frilled lizards
  7 rats
134 creatures vanquished.

Notes
Turn   | Place    | Note
-------+----------+-------------------------------------------
     0 | D:1      | iamserjio the Deep Elf Earth Elementalist began the quest
                  | for the Orb.
     0 | D:1      | Reached XP level 1. HP: 10/10 MP: 6/6
   261 | D:1      | Reached XP level 2. HP: 15/15 MP: 6/8
   517 | D:1      | Reached skill level 4 in Earth Magic
   594 | D:1      | Reached XP level 3. HP: 19/19 MP: 5/10
   786 | D:1      | Learned a level 3 spell: Stone Arrow
  1087 | D:2      | Reached XP level 4. HP: 21/24 MP: 1/11
  1100 | D:2      | Found a shadowy altar of Dithmenos.
  1125 | D:2      | Found a sacrificial altar of Ru.
  1128 | D:2      | Reached skill level 1 in Conjurations
  1919 | D:3      | Found an iron altar of Okawaru.
  2013 | D:3      | Reached skill level 5 in Earth Magic
  2013 | D:3      | Reached XP level 5. HP: 20/28 MP: 5/13
  2131 | D:3      | Noticed Natasha
  2134 | D:3      | Killed Natasha
  2378 | D:3      | Found a transporter.
  2381 | D:3      | Found a transporter.
  2393 | D:3      | Found a bloodstained altar of Trog.
  2482 | D:3      | Found a glowing golden altar of the Shining One.
  2528 | D:3      | Reached XP level 6. HP: 21/32 MP: 7/14
  3279 | D:3      | Noticed Natasha
  3284 | D:3      | Killed Natasha
  3419 | D:3      | Found an iron altar of Okawaru.
  3495 | D:3      | Found a transporter.
  3498 | D:3      | Found a transporter.
  3505 | D:3      | Found a bloodstained altar of Trog.
  3638 | D:3      | Noticed Natasha
  3644 | D:3      | Killed Natasha
  3675 | D:3      | Found a glowing golden altar of the Shining One.
  3999 | D:4      | Found an opulent altar of Gozag.
  4137 | D:4      | Reached skill level 5 in Spellcasting
  4589 | D:4      | Reached skill level 6 in Earth Magic
  4797 | D:4      | Reached XP level 7. HP: 36/36 MP: 8/16
  5048 | D:5      | Entered Level 5 of the Dungeon
  5243 | D:5      | Reached skill level 5 in Dodging
  5250 | D:5      | Learned a level 5 spell: Lee's Rapid Deconstruction
  5360 | D:5      | Reached skill level 1 in Fighting
  5500 | D:5      | Reached skill level 7 in Earth Magic
  5503 | D:5      | Shot with an arrow by a centaur

Vault maps used:
D:1:      dpeg_arrival_more_subterranean_lakeside_camping, minmay_hexomino_c4
D:2:      lemuel_round_altar, nicolae_ru_great_annihilating_truth
D:3:      lemuel_round_altar, nicolae_overflow_hidden_temple,
          gammafunk_temple_overflow_arena, first_ration, uniq_natasha
D:4:      kennysheep_little_box
D:5:      amethyst_overflow_temple_binary, uniq_eustachio

Skill      XL: |  1  2  3  4  5  6  7 |
---------------+----------------------+-----
Earth Magic    | 4 5 6 7 |  7.1
Dodging        | 3 4 5 |  5.3
Spellcasting   | 4 5 6 |  6.0
Conjurations   | 1 2 3 |  3.0
Fighting       | 1 |  1.4
Stealth        | |  2.4
Transmutations | |  1.1

Action                   |  1- 3 |  4- 6 |  7- 9 || total
-------------------------+-------+-------+-------++-------
Melee: Unarmed           |     2 |       |       ||     2
       Short sword       |    15 |   132 |       ||   147
 Cast: Sandblast         |    46 |    32 |    19 ||    97
       Stone Arrow       |     3 |    34 |    16 ||    53
  Use: Scroll            |       |       |     8 ||     8
 Stab: Sleeping          |       |     7 |       ||     7
  Eat: Chunk             |     1 |    13 |     3 ||    17
Armor: Robe              |     6 |    18 |     2 ||    26
Dodge: Dodged            |    19 |   118 |     8 ||   145

Table legend:
 A = Non-vault XP
 B = Vault XP
 C = Vault XP percentage of total XP
 D = Non-vault monster count
 E = Vault monster count
 F = Vault count percentage of total count
                 A         B        C        D         E       F
            +---------+---------+-------+---------+---------+-------
      Total |    1200 |      99 |   7.6 |     125 |       9 |   6.7
            +---------+---------+-------+---------+---------+-------
        D:1 |      43 |       8 |  15.7 |      27 |       4 |  12.9
        D:2 |      74 |      56 |  43.1 |      25 |       4 |  13.8
        D:3 |     318 |      35 |   9.9 |      47 |       1 |   2.1
        D:4 |     261 |       0 |   0.0 |      11 |       0 |   0.0
        D:5 |     504 |       0 |   0.0 |      15 |       0 |   0.0
            +---------+---------+-------+---------+---------+-------
